Cogmind - Beta 16 @@@ ROGUE MODE // 2025.12.01 @ 15:34:03 Player: taku_the_hopeless Result: Destroyed by P-80 Master with Gamma Rifle Performance ------------- Evolutions (7) 3500 Regions Visited (17) 3400 Robots Destroyed (168) 840 Value Destroyed (5452) 5452 Prototype IDs (32) 640 Alien Tech Used (0) 0 Bonus (809) 809 TOTAL SCORE: 14641 Bonus ------- High Alert Combat Kills 497 Follower Combat Kills 2113 Network Hubs Disabled 200 Met Data Miner 300 Built Enhanced Grunts 300 A7 Reached Mainframe 300 Friendly Fire -2901 Cogmind --------- Core Integrity 0/1300 Matter 40/300 Energy 58/100 System Corruption 13% Temperature Cool (0) Movement Core (50) Location -3/Research Parts ------- > --- POWER (2) -------- (None) > --- PROPULSION (7) --- (None) > --- UTILITY (8) ------ Advanced Launcher Guidance Computer > --- WEAPON (4) ------- (None) > --- INVENTORY (5) ---- Improved Diametric Drive Heavy Hardcell Cannon Improved Plasma Cutter Peak State ------------ > --- POWER ------------ Light Antimatter Reactor Micro Antimatter Reactor > --- PROPULSION ------- Gravmag Array Gravmag Array Improved Linear Gravjet Improved Linear Gravjet Improved Linear Gravjet > --- UTILITY ---------- Experimental Coolant Injector Advanced Sensor Array Advanced Signal Interpreter Advanced Launcher Guidance Computer Advanced Launcher Guidance Computer Layered Medium Armor Plating Force Field Mini Drone Bay > --- WEAPON ----------- Quantum Rifle Quantum Rifle Hardcell Cannon > --- INVENTORY -------- Particle Reactor Heavy Hardcell Cannon Fusion Bomb Launcher Improved Plasma Cutter [Rating: 134] Favorites ----------- Power Light Deuterium Engine Engine Light Deuterium Engine Power Core Enhanced Nuclear Core Reactor Compact Particle Reactor Propulsion Improved Hover Unit Leg Aluminum Leg Wheel Compact Wheel Hover Unit Improved Hover Unit Flight Unit Nuclear Pulse Array Utility Core Analyzer Device Seismic Detector Storage Large Storage Unit Processor Core Analyzer Hackware Advanced Hacking Suite Protection Centrium Medium Armor Plating Weapon KE Penetrator Energy Gun Quantum Rifle Energy Cannon Heavy Ion Cannon Ballistic Gun KE Penetrator Ballistic Cannon Mini Assault Cannon Launcher Rocket Array Special Weapon Enhanced Flamer Slashing Weapon Power Sword Build | -11 -10 -9 -8 -7 -7 -6 -6 -6 -6 -5 -5 -5 -5 -5 -5 -4 -3 ------- Run | Yrd Mat Mat Mat Fac Sto Fac Low Low Dat Pro Fac Ext Cet Arc Hub Fac Res Slots Evolved 14 | . . 2 2 2 . 2 . . . . 2 . . . . 2 2 Power 1 | . . . . . . . . . . . . . . . . . 1 Propulsion 5 | . . 1 2 . . . . . . . . . . . . 2 . Utility 6 | . . . . 1 . 2 . . . . 2 . . . . . 1 Weapon 2 | . . 1 . 1 . . . . . . . . . . . . . Parts Attached 165 | 7 7 11 11 6 18 9 2 . . 3 17 27 7 . 10 8 22 Power 20 | 1 1 . 1 . 1 . . . . . 1 7 1 . 3 1 3 Engine 12 | 1 1 . 1 . . . . . . . 1 4 . . 3 1 . Core 4 | . . . . . 1 . . . . . . 3 . . . . . Reactor 4 | . . . . . . . . . . . . . 1 . . . 3 Propulsion 48 | 2 2 2 3 3 8 5 2 . . . 4 1 . . 5 6 5 Treads . | . . . . . . . . . . . . . . . . . . Leg 2 | 2 . . . . . . . . . . . . . . . . . Wheel 2 | . . . . . . . . . . . . . . . 2 . . Hover 33 | . 2 2 3 3 5 5 2 . . . 1 . . . . 5 5 Flight 11 | . . . . . 3 . . . . . 3 1 . . 3 1 . Utility 49 | 2 2 . 3 2 2 4 . . . 2 7 9 5 . 2 1 8 Device 24 | 1 1 . 1 1 2 1 . . . 1 4 6 1 . 1 . 4 Storage 3 | 1 . . 1 . . 1 . . . . . . . . . . . Processor 10 | . . . . 1 . 2 . . . 1 2 . . . . 1 3 Hackware 4 | . . . . . . . . . . . 1 1 2 . . . . Protection 8 | . 1 . 1 . . . . . . . . 2 2 . 1 . 1 Artifact . | . . . . . . . . . . . . . . . . . . Weapon 48 | 2 2 9 4 1 7 . . . . 1 5 10 1 . . . 6 Energy Gun 2 | . . . . . . . . . . . . . . . . . 2 Energy Cannon 2 | . . . . . . . . . . . 1 . . . . . 1 Ballistic Gun 30 | 2 1 9 2 . 5 . . . . . 1 9 1 . . . . Ballistic Cannon 4 | . . . . 1 . . . . . . 1 . . . . . 2 Launcher 6 | . . . 2 . 2 . . . . . . 1 . . . . 1 Special Weapon 2 | . 1 . . . . . . . . 1 . . . . . . . Impact Weapon . | . . . . . . . . . . . . . . . . . . Slashing Weapon 2 | . . . . . . . . . . . 2 . . . . . . Piercing Weapon . | . . . . . . . . . . . . . . . . . . Special Melee Weapon . | . . . . . . . . . . . . . . . . . . Unidentified Prototypes 17 | . . . . 1 9 . 1 . . . . . 3 . . . 3 Corrupted Parts 3 | . . . . . . . . . . . . 2 1 . . . . System Corruption 12 | . . . . . . . . . . . . 7 5 . . . . Parts Lost 51 | . 1 . 1 2 6 . 7 2 . . 1 11 . 1 2 5 12 Power 7 | . . . . . . . . 1 . . . 2 . . 1 1 2 Propulsion 21 | . . . 1 1 3 . 5 . . . 1 1 . 1 . 3 5 Utility 15 | . 1 . . 1 . . 1 1 . . . 7 . . 1 . 3 Weapon 8 | . . . . . 3 . 1 . . . . 1 . . . 1 2 Highest Loss Streak 8 | . 1 . 1 2 2 . 7 2 . . 1 2 . 1 1 3 8 To Critical Strikes . | . . . . . . . . . . . . . . . . . . Average Backups 9 | 4 7 7 13 14 14 14 14 14 15 15 12 3 5 5 4 4 3 Power . | . 1 . . . 1 1 1 1 1 1 1 . 1 1 1 . . Propulsion . | 2 2 1 1 1 . 2 1 . . . . . . . . . . Utility 4 | . 2 2 6 7 8 5 5 5 5 6 7 1 2 2 2 2 . Weapon 3 | . 2 3 4 4 3 5 6 8 9 7 4 1 2 2 1 1 1 Tool/Special . | . . . . . . . . . . . . . . . . . . Unused Backups 37 | . 6 4 3 2 4 . . 1 . 2 8 . . . 1 2 4 Power 2 | . . 1 . . 1 . . . . . . . . . . . . Propulsion 5 | . 4 . . . . . . . . . . . . . . . 1 Utility 18 | . . 2 3 2 2 . . . . 1 5 . . . . 2 1 Weapon 11 | . 2 1 . . 1 . . 1 . 1 3 . . . 1 . 1 Tool/Special 1 | . . . . . . . . . . . . . . . . . 1 Average Slot Usage (%) 80 | . 99 99 99 99 94 99 89 58 53 57 63 64 87 83 90 76 53 Engine 4 | . 14 11 9 7 6 6 . . . . 1 2 3 . 1 3 . Leg 1 | . 25 . . . . . . . . . . . . . . . . Hover 17 | . 2 33 44 37 36 33 24 20 20 20 13 . . . . 6 13 Flight 6 | . . . . . . . . . . . 2 17 17 12 21 17 . Device 9 | . 5 11 7 5 2 10 11 6 6 6 7 9 17 17 17 12 11 Storage 4 | . 14 11 9 7 7 6 6 6 6 6 3 . . . . . . Processor 10 | . . . . 7 7 13 13 13 13 17 22 14 10 5 5 8 11 Hackware 1 | . . . . . . . . . . . 3 . 5 11 7 4 . Protection 2 | . 8 . 1 1 4 1 . . . . . . 5 5 6 4 2 Ballistic Gun 16 | . 26 29 26 29 24 25 21 8 6 1 . 10 22 23 23 14 . Peak Build Rating 134 | 8 10 16 27 36 49 60 61 52 32 39 66 90 109 109 106 109 134 Average Rating 55 | 5 8 15 22 32 38 56 54 34 32 36 47 68 97 98 99 90 86 On Entrance 45 | . 8 10 16 27 36 49 60 52 32 32 39 66 90 109 97 94 . Avg Prop Armor Cover (%) 3 | . . . . . 14 . . . . . 9 . . . 5 4 2 Naked Turns 57 | . . . . . . . . . . . . . . . . 3 54 Heaviest Build 60 | 11 15 20 38 41 42 43 43 43 24 24 25 41 44 42 49 39 60 Greatest Support 70 | 20 20 24 40 41 42 50 50 24 24 24 35 42 42 42 41 46 70 Greatest Overweight (x) 10 | . 2 . . . 10 1 1 1 . . 7 4 1 1 3 8 1 Average Overweight (x) . | . . . . . . . . . . . . . . . . . . Largest Inventory Capacity 15 | 8 8 8 15 15 15 15 15 15 15 15 15 5 5 5 5 5 5 Average Capacity 9 | 7 8 8 14 15 15 15 15 15 15 15 12 5 5 5 5 5 5 Most Carried 15 | 8 8 8 15 15 15 15 15 15 15 15 15 5 5 5 5 5 5 Average Carried 9 | 4 7 7 13 14 14 14 14 14 15 14 12 4 5 5 4 4 4 Final Capacity 15 | 8 8 8 15 15 15 15 15 15 15 15 5 5 5 5 5 5 5 Final Carried 15 | 8 8 8 15 15 15 15 14 15 15 15 5 5 5 5 5 . 4 Class Distribution -------------------- 26% | Gunner 21% | Mutant 9% | Commander-Sprinter 7% | Scout 7% | Skirmisher 5% | Sprinter 4% | Scavenger-Sprinter 3% | Commander-Tank 3% | Scavenger-Tank 3% | Tank Dominant Class ---------------- Mutant | -10/Materials Skirmisher | -9/Materials Gunner | -8/Materials Gunner | -7/Factory Gunner | -7/Storage Gunner | -6/Factory Gunner | -6/Lower Caves Mutant | -6/Lower Caves Mutant | -6/Data Miner Mutant | -5/Proximity Caves Scout | -5/Factory Sprinter | -5/Extension Commander-Sprinter | -5/Cetus Commander-Tank | -5/Archives Scavenger-Tank | -5/Hub_04(d) Scavenger-Sprinter | -4/Factory Mutant | -3/Research Resources | -11 -10 -9 -8 -7 -7 -6 -6 -6 -6 -5 -5 -5 -5 -5 -5 -4 -3 ----------- Run | Yrd Mat Mat Mat Fac Sto Fac Low Low Dat Pro Fac Ext Cet Arc Hub Fac Res Matter Collected 8444 | 292 27 552 509 543 1409 546 358 155 . 50 315 1631 389 160 1113 315 80 Remotely . | . . . . . . . . . . . . . . . . . . Salvage Created 7819 | 117 45 552 481 487 1377 560 431 48 . . 512 1409 135 34 1310 169 152 Parts 387 | 7 1 32 37 39 76 19 18 2 . . 19 63 7 1 49 7 10 Haulers Intercepted 17 | . . 3 1 1 4 2 . . . . 1 2 . . 3 . . Recyclers Shooed 9 | 1 1 1 1 . 2 1 . . . . . 1 . . 1 . . Parts Field Recycled . | . . . . . . . . . . . . . . . . . . Retrieved Matter . | . . . . . . . . . . . . . . . . . . Parts Self-Destructed 11 | . . . . . . . 9 2 . . . . . . . . . Prevented . | . . . . . . . . . . . . . . . . . . Parts Restored . | . . . . . . . . . . . . . . . . . . Kills | -11 -10 -9 -8 -7 -7 -6 -6 -6 -6 -5 -5 -5 -5 -5 -5 -4 -3 ------- Run | Yrd Mat Mat Mat Fac Sto Fac Low Low Dat Pro Fac Ext Cet Arc Hub Fac Res Combat Hostiles Destroyed 95 | . 1 6 11 3 18 1 16 1 . . 2 17 1 . 7 5 6 Melee 1 | . . . . . . . . . . . . 1 . . . . . Guns 57 | . 1 6 6 3 15 1 4 1 . . 1 8 1 . 7 2 1 Cannons 4 | . . . . . 3 . . . . . 1 . . . . . . AOE 33 | . . . 5 . . . 12 . . . . 8 . . . 3 5 Classes Destroyed 15 | 2 1 3 1 3 3 . 1 . . . . 1 . . . . . Worker 11 | . . . . 3 1 . . . . . 1 1 . . 4 . 1 Builder 10 | . . . . 2 2 . . . . . 1 4 . . 1 . . Tunneler 3 | 1 . . . 2 . . . . . . . . . . . . . Hauler 17 | . . 3 1 1 4 2 . . . . 1 2 . . 3 . . Recycler 16 | 1 . 1 1 2 2 2 . . . . 2 2 . . 3 . . Mechanic 2 | . . . . . 1 . . . . . 1 . . . . . . Operator 5 | . . . . 1 1 . . . . . . . . 1 2 . . Watcher 7 | . . 2 1 1 1 . . . . . . 2 . . . . . Swarmer 28 | . . . 4 3 . 1 8 . . . . 5 . . 2 . 5 Grunt 38 | . 1 2 3 . 10 . 6 1 . . . 8 . . 4 3 . Brawler 1 | . . . . . 1 . . . . . . . . . . . . Duelist 1 | . . . . . . . 1 . . . . . . . . . . Sentry 17 | . . 4 4 . 4 . 1 . . . . 2 . . 1 . 1 Programmer 7 | . . . . . 3 . . . . . 2 . . . . 2 . Behemoth 2 | . . . . . . . . . . . . 2 . . . . . Cetus Guard 1 | . . . . . . . . . . . . . 1 . . . . Packrat 1 | . . . . . . . 1 . . . . . . . . . . Butcher 1 | . . . . . . . . . . . . . . . 1 . . Best Kill Streak 16 | 1 1 8 4 5 3 2 16 1 . . 2 7 1 1 5 3 5 Combat Bots Only 16 | . 1 3 4 3 3 1 16 1 . . 2 5 1 . 2 3 5 Max Kills in Single Turn 7 | 1 1 1 4 1 2 1 7 1 . . 1 5 1 1 2 2 5 Gunslinging 1 | . . . 1 . . . . . . . . . . . . . . Exploded 7 | . . . 4 . . . 7 . . . . 5 . . . 2 5 Melee 1 | . . . . . . . . . . . . 1 . . . . . Uniques/NPCs Destroyed 1 | . . . . . . . . . . . . . 1 . . . . A7 (-5/Cetus) Combat | -11 -10 -9 -8 -7 -7 -6 -6 -6 -6 -5 -5 -5 -5 -5 -5 -4 -3 -------- Run | Yrd Mat Mat Mat Fac Sto Fac Low Low Dat Pro Fac Ext Cet Arc Hub Fac Res Hostile Shots Fired 930 | . 6 29 30 27 159 12 122 16 . . 60 137 4 5 36 44 243 Missed 410 | . 3 13 12 11 78 7 53 6 . . 24 70 3 1 18 14 97 Hits 520 | . 3 16 18 16 81 5 69 10 . . 36 67 1 4 18 30 146 Melee 3 | . . . . . 1 . . . . . . . . . 1 1 . Projectile 517 | . 3 16 18 16 80 5 69 10 . . 36 67 1 4 17 29 146 Critical Strikes 20 | . . . 2 . 1 . 1 1 . . 2 5 . . . 4 4 Damage Taken 9388 | . 35 266 232 241 812 40 1121 202 . . 499 1538 16 144 559 545 3138 Core 2337 | . . 76 21 35 159 . 151 17 . . 125 405 . . 39 . 1309 Absorbed by Shields 419 | . . . . . . 11 127 . . . 12 130 15 . . 83 41 Ignored by Resistances 95 | . . . 10 . 52 . . . . . 33 . . . . . . Regen/Repaired (Parts) 153 | . . . . . 67 . . . . . . . . . . . 86 Core Remaining (%) 84 | 100 100 81 96 . 72 . . . . 80 . . . . 43 100 . Volleys Fired 435 | 11 12 31 30 26 72 14 15 7 . . 10 106 16 14 40 16 15 Largest 4 | 2 2 3 3 4 4 4 4 2 . . 2 4 4 4 4 3 2 Hottest 188 | 40 100 100 83 92 109 100 100 65 . . 80 132 134 134 134 101 188 Shots Fired 1310 | 22 19 83 89 104 251 50 32 12 . . 16 293 65 55 157 43 19 Gun 1239 | 22 14 78 85 104 225 49 26 7 . . 8 289 65 55 157 41 14 Cannon 42 | . . . . . 24 . 1 5 . . 8 . . . . . 4 Launcher 19 | . . . 4 . 2 1 5 . . . . 4 . . . 2 1 Special 10 | . 5 5 . . . . . . . . . . . . . . . Kinetic 1266 | 22 14 78 85 104 249 49 27 12 . . 15 289 65 55 157 41 4 Thermal 25 | . 5 5 . . . . . . . . 1 . . . . . 14 Explosive 19 | . . . 4 . 2 1 5 . . . . 4 . . . 2 1 Electromagnetic . | . . . . . . . . . . . . . . . . . . Robot Hit Streak 11 | 3 9 7 11 5 11 10 8 3 . . 6 6 9 7 8 9 7 Robot Miss Streak 8 | 3 2 3 4 7 6 4 5 2 . . 2 5 3 4 8 6 1 Penetration Max 1 | . . . . . . . . . . . . 1 1 . 1 . . Secondary Targets 8 | . . 1 1 1 . . 2 . . . . 2 . . 1 . . Max Gunslinging Chain 1 | . . 1 1 1 . . 1 . . . . 1 . . 1 . . Shots Hit Robots 615 | 12 10 43 54 40 129 28 15 8 . . 21 81 39 29 70 22 14 Core Hits 420 | 5 3 19 26 20 58 13 58 3 . . 8 100 21 12 38 24 12 Critical Kills 6 | . . . . . 1 . . . . . . 2 1 . 1 1 . Critical Parts Destroyed 18 | . . . . . 1 . . . . . . 2 3 5 6 1 . Critical Strikes 33 | . . 2 . . 2 . . . . . 2 7 4 5 8 2 1 Destroy 28 | . . 2 . . 2 . . . . . . 5 4 5 8 2 . Blast 2 | . . . . . . . . . . . 1 . . . . . 1 Sever 3 | . . . . . . . . . . . 1 2 . . . . . Melee Attacks 40 | . . . . . . . . . . . 22 18 . . . . . Impact . | . . . . . . . . . . . . . . . . . . Slashing 40 | . . . . . . . . . . . 22 18 . . . . . Piercing . | . . . . . . . . . . . . . . . . . . Sneak Attacks 14 | . . . . . . . . . . . 10 4 . . . . . Combat Hostiles 1 | . . . . . . . . . . . 1 . . . . . . Follow-up Attacks . | . . . . . . . . . . . . . . . . . . Damage Inflicted 19877 | 95 81 626 1169 685 2306 480 1732 200 . . 1260 4269 1430 765 2428 1147 1204 Guns 12677 | 95 81 626 763 685 1865 480 223 91 . . 114 2404 1430 765 2284 518 253 Cannons 1091 | . . . . . 401 . . 109 . . 247 . . . . . 334 Explosions 4540 | . . . 406 . 40 . 1509 . . . . 1226 . . 144 629 586 Melee 1538 | . . . . . . . . . . . 899 639 . . . . . Ramming 31 | . . . . . . . . . . . . . . . . . 31 Kinetic 13515 | 95 81 626 763 685 2266 480 223 200 . . 361 2404 1430 765 2284 518 334 Thermal 321 | . . . . . . . . . . . . . . . . 68 253 Explosive 4328 | . . . 406 . 40 . 1509 . . . . 1226 . . . 561 586 Electromagnetic 144 | . . . . . . . . . . . . . . . 144 . . Impact . | . . . . . . . . . . . . . . . . . . Slashing 1538 | . . . . . . . . . . . 899 639 . . . . . Piercing . | . . . . . . . . . . . . . . . . . . Highest Corruption 24 | . . 1 . . 2 . . . . . 4 11 16 16 24 3 13 Average Corruption 8 | . . 1 . . 1 . . . . . 2 7 15 16 18 3 2 Corruption Purged . | . . . . . . . . . . . . . . . . . . Corruption Blocked . | . . . . . . . . . . . . . . . . . . Effects 124 | . . . . . 2 . . . . . 9 37 29 7 32 5 3 Message Errors 20 | . . . . . 1 . . . . . 2 10 5 . 1 . 1 Matter Fused 27 | . . . . . . . . . . . 2 5 12 2 5 1 . Heat Flow Errors 15 | . . . . . . . . . . . 1 6 3 . 4 1 . Energy Discharges 12 | . . . . . . . . . . . 3 2 1 1 4 1 . Parts Rejected 2 | . . . . . . . . . . . . . . . 1 . 1 Parts Fused 4 | . . . . . . . . . . . . 4 . . . . . Data Loss (minor) 14 | . . . . . 1 . . . . . . 3 6 . 2 1 1 Data Loss (major) 3 | . . . . . . . . . . . . 1 . . 1 1 . Misfires 4 | . . . . . . . . . . . . . 1 1 2 . . Alerts 6 | . . . . . . . . . . . . 2 1 . 3 . . Misdirections 5 | . . . . . . . . . . . . . . 1 4 . . Weapon Failures 12 | . . . . . . . . . . . 1 4 . 2 5 . . Overload Shots . | . . . . . . . . . . . . . . . . . . Overflow Damage 350 | . . . . . . . . . . . 184 138 . . . . 28 Projectiles 37 | . . . . . . . . . . . 9 . . . . . 28 Explosions 13 | . . . . . . . . . . . . 13 . . . . . Melee 300 | . . . . . . . . . . . 175 125 . . . . . Knockbacks 9 | . . . . . 4 . . 2 . . 3 . . . . . . Impact . | . . . . . . . . . . . . . . . . . . Kinetic 9 | . . . . . 4 . . 2 . . 3 . . . . . . Secondary . | . . . . . . . . . . . . . . . . . . Self-Inflicted Damage 311 | . . . 22 . . . 115 . . . . . . . 101 . 73 Shots 8 | . . . 1 . . . 5 . . . . . . . 1 . 1 Rammed 5 | . . . . . . . . . . . . . . . . . 5 Targets Rammed 5 | . . . . . . . . . . . . . . . . . 5 Kicked . | . . . . . . . . . . . . . . . . . . Crushed . | . . . . . . . . . . . . . . . . . . Highest Temperature 398 | . 96 61 142 242 398 180 238 6 . . 271 252 242 118 259 179 291 Average Temperature 76 | . 29 18 44 75 94 72 74 3 . . 140 72 55 38 68 34 144 Received Heat Transfer 1385 | . 18 78 99 . 288 4 237 99 . . . 245 4 36 126 76 75 Effects 4 | . . . . . 2 . . . . . . . . . . . 2 Energy Bleed 2 | . . . . . . . . . . . . . . . . . 2 Interference 2 | . . . . . 2 . . . . . . . . . . . . Siege Activations . | . . . . . . . . . . . . . . . . . . Martial Activations . | . . . . . . . . . . . . . . . . . . Shielding Activations . | . . . . . . . . . . . . . . . . . . Robots Disrupted . | . . . . . . . . . . . . . . . . . . Combat Hostiles . | . . . . . . . . . . . . . . . . . . Robots Corrupted . | . . . . . . . . . . . . . . . . . . Combat Hostiles . | . . . . . . . . . . . . . . . . . . Parts Fried . | . . . . . . . . . . . . . . . . . . Impact Corruptions . | . . . . . . . . . . . . . . . . . . Robots Melted . | . . . . . . . . . . . . . . . . . . Combat Hostiles . | . . . . . . . . . . . . . . . . . . Parts Melted . | . . . . . . . . . . . . . . . . . . Heat Transferred 383 | . . . . . . . . . . . . . . . . 50 333 Parts Sabotaged . | . . . . . . . . . . . . . . . . . . Parts Stolen . | . . . . . . . . . . . . . . . . . . Parts Stripped . | . . . . . . . . . . . . . . . . . . Power Chain Reactions . | . . . . . . . . . . . . . . . . . . Alert | -11 -10 -9 -8 -7 -7 -6 -6 -6 -6 -5 -5 -5 -5 -5 -5 -4 -3 ------- Run | Yrd Mat Mat Mat Fac Sto Fac Low Low Dat Pro Fac Ext Cet Arc Hub Fac Res Maximum Alert Level 5 | . . . 1 . 1 1 . . . . . 2 2 1 5 4 2 Low Security (%) 51 | 100 100 100 83 100 68 94 . . . . 100 9 . 22 10 . . Level 1 21 | . . . 16 . 31 5 . . . . . 58 49 77 24 . 4 Level 2 19 | . . . . . . . . . . . . 32 50 . 15 . 95 Level 3 2 | . . . . . . . . . . . . . . . 10 54 . Level 4 4 | . . . . . . . . . . . . . . . 35 45 . Level 5 . | . . . . . . . . . . . . . . . 3 . . High Security . | . . . . . . . . . . . . . . . . . . Max Security . | . . . . . . . . . . . . . . . . . . Peak Influence 1909 | 5 40 138 258 124 335 206 . . . . 91 678 529 257 1909 1182 696 Initial 931 | . . . 39 109 17 148 . . . . . . 369 114 79 931 584 Average 281 | . 5 68 133 54 171 152 . . . . 20 326 405 223 844 1049 479 Influence Increases 7813 | 10 60 249 443 190 720 208 490 95 . . 314 1368 204 265 2316 363 518 Destroy 0b10 Robot/C 3020 | . 20 120 220 60 360 20 320 20 . . 80 680 80 80 740 100 120 Destroy 0b10 Robot/NC 400 | 10 . 30 15 60 60 20 . . . . 30 60 5 5 100 . 5 Destroy Leader 554 | . . 50 64 4 110 4 20 . . . 12 86 . . 174 10 20 Allied During Kill 1033 | . . . . . . . . . . . 4 229 85 85 630 . . Successful Hack 303 | . 20 28 57 21 55 18 . . . . 29 34 9 . . 32 . Select Force Hacks 50 | . . . . . . . . . . . . . . . . . 50 Disable Machine 630 | . . . 15 15 60 15 . . . . 45 45 15 75 270 60 15 Destroy Structure 773 | . 5 6 27 . 30 11 . . . . 24 144 10 20 342 116 38 Partial Spotted 105 | . . . 30 15 . 15 . . . . . 30 . . 15 . . Lose Combat Pursuer 945 | . 15 15 15 15 45 105 150 75 . . 90 60 . . 45 45 270 Influence Decreases 7127 | 10 60 155 295 393 432 339 365 192 224 . 314 708 577 323 644 1150 946 Entered New Map 2862 | . . . 55 133 22 179 73 62 224 . . . 291 173 150 970 530 Time Decay 3212 | 10 60 155 230 230 350 160 222 110 . . 231 438 286 60 254 130 286 Lost Part 500 | . . . 10 20 60 . 70 20 . . 10 110 . 10 20 50 120 Lost Ally 553 | . . . . 10 . . . . . . 73 160 . 80 220 . 10 Squads Dispatched 41 | . . 1 2 3 6 1 . . . . 5 4 . . 10 1 8 Investigation 13 | . . 1 1 . 3 . . . . . 2 2 . . . . 4 Extermination 10 | . . . . 1 2 . . . . . 2 . . . 1 1 3 Reinforcement 17 | . . . . 2 1 1 . . . . 1 2 . . 9 . 1 Assault . | . . . . . . . . . . . . . . . . . . Garrison 1 | . . . 1 . . . . . . . . . . . . . . Intercept . | . . . . . . . . . . . . . . . . . . Searches Triggered . | . . . . . . . . . . . . . . . . . . Data Miner Redirects 3 | . . . . . . . . . . . . 1 . . . . 2 Construction Impeded 3 | . . . . . . . . . . . 1 2 . . . . . Haulers Reinforced 5 | . . . . . 1 1 . . . . . . . . 3 . . Active Scanning Responses . | . . . . . . . . . . . . . . . . . . Cargo Convoy Interrupts . | . . . . . . . . . . . . . . . . . . Stealth | -11 -10 -9 -8 -7 -7 -6 -6 -6 -6 -5 -5 -5 -5 -5 -5 -4 -3 --------- Run | Yrd Mat Mat Mat Fac Sto Fac Low Low Dat Pro Fac Ext Cet Arc Hub Fac Res Distress Signals 20 | . . 3 1 1 5 . . . . . . 1 1 . 6 2 . Communications Jammed . | . . . . . . . . . . . . . . . . . . Distress Signals . | . . . . . . . . . . . . . . . . . . Times Spotted 283 | . 2 15 18 8 32 8 29 7 . . 12 42 4 16 36 17 37 Peak Tracking Total 20 | . 2 6 4 3 6 5 20 4 . . 4 8 5 2 9 7 17 Tactical Retreats 35 | . 1 1 1 1 2 4 5 2 . . 4 4 . . 3 2 5 Traps | -11 -10 -9 -8 -7 -7 -6 -6 -6 -6 -5 -5 -5 -5 -5 -5 -4 -3 ------- Run | Yrd Mat Mat Mat Fac Sto Fac Low Low Dat Pro Fac Ext Cet Arc Hub Fac Res Traps Triggered 10 | . . 1 . . 1 . . . . . . . . . 1 4 3 Indirectly . | . . . . . . . . . . . . . . . . . . Trap Hack Attempts . | . . . . . . . . . . . . . . . . . . Triggered . | . . . . . . . . . . . . . . . . . . Disarmed . | . . . . . . . . . . . . . . . . . . Reprogrammed . | . . . . . . . . . . . . . . . . . . Reused . | . . . . . . . . . . . . . . . . . . Traps Extracted . | . . . . . . . . . . . . . . . . . . Installed . | . . . . . . . . . . . . . . . . . . Triggered . | . . . . . . . . . . . . . . . . . . Machines | -11 -10 -9 -8 -7 -7 -6 -6 -6 -6 -5 -5 -5 -5 -5 -5 -4 -3 ---------- Run | Yrd Mat Mat Mat Fac Sto Fac Low Low Dat Pro Fac Ext Cet Arc Hub Fac Res Machines Disabled 43 | . . . 1 1 4 1 1 . . . 3 3 1 5 18 4 1 Max in Single Turn 9 | . . . 1 1 1 1 1 . . . 1 1 1 1 9 4 1 Network Hub 1 | . . . . . . . . . . . . . . . 1 . . Machines Repaired . | . . . . . . . . . . . . . . . . . . Machines Dismantled . | . . . . . . . . . . . . . . . . . . Machines Sabotaged . | . . . . . . . . . . . . . . . . . . Overloaded Fab Kills 3 | . . . . . . . . . . . . . . . . . 3 Hacking | -11 -10 -9 -8 -7 -7 -6 -6 -6 -6 -5 -5 -5 -5 -5 -5 -4 -3 --------- Run | Yrd Mat Mat Mat Fac Sto Fac Low Low Dat Pro Fac Ext Cet Arc Hub Fac Res Machines Accessed 62 | . 4 6 6 2 9 5 1 . 3 . 4 10 1 . 4 4 3 Terminals 41 | . 4 4 6 2 7 . 1 . . . 1 9 1 . 3 2 1 Fabricators 4 | . . . . . . 1 . . . . 2 . . . . . 1 Repair Stations 6 | . . 1 . . 2 . . . . . 1 . . . . 1 1 Recycling Units 5 | . . . . . . 3 . . . . . 1 . . . 1 . Scanalyzers 2 | . . 1 . . . 1 . . . . . . . . . . . Garrison Access 1 | . . . . . . . . . . . . . . . 1 . . Total Hacks 188 | . 11 19 20 3 25 10 3 . 26 . 10 21 1 . 5 24 10 Successful 101 | . 5 7 14 1 14 7 3 . 26 . 3 7 1 . . 11 2 Failed 87 | . 6 12 6 2 11 3 . . . . 7 14 . . 5 13 8 Catastrophic 16 | . 1 3 1 1 2 . . . . . 1 4 . . 1 2 . Database Lockouts . | . . . . . . . . . . . . . . . . . . Manual 60 | . 3 4 13 . 7 4 . . . . 2 5 1 . 3 13 5 Terminals 118 | . 11 16 20 3 21 . 3 . . . 1 18 1 . 4 17 3 Fabricators 11 | . . . . . . 2 . . . . 6 . . . . . 3 Repair Stations 16 | . . 2 . . 4 . . . . . 3 . . . . 3 4 Recycling Units 14 | . . . . . . 7 . . . . . 3 . . . 4 . Scanalyzers 2 | . . 1 . . . 1 . . . . . . . . . . . Garrison Access 1 | . . . . . . . . . . . . . . . 1 . . Terminal Hacks 64 | . 5 5 8 1 8 . 3 . 26 . . 3 1 . . 4 . Record 9 | . . . . . . . 3 . 6 . . . . . . . . Part Schematic 14 | . . . . . . . . . 13 . . 1 . . . . . Robot Schematic 4 | . . . . . . . . . 4 . . . . . . . . Prototype ID Bank 5 | . 1 . . . . . . . 3 . . 1 . . . . . Open Door 4 | . . . . . 3 . . . . . . . 1 . . . . Level Access Points 1 | . . . . . . . . . . . . . . . . 1 . Branch Access Points 2 | . . . 1 . . . . . . . . . . . . 1 . Emergency Access Points 2 | . . . 1 1 . . . . . . . . . . . . . Terminal Index 2 | . . . 1 . . . . . . . . . . . . 1 . Scanalyzer Index 2 | . 1 1 . . . . . . . . . . . . . . . Locate Traps 2 | . . 1 . . . . . . . . . 1 . . . . . Dispatch Records 1 | . 1 . . . . . . . . . . . . . . . . Security Status 1 | . . . . . 1 . . . . . . . . . . . . Hauler Manifests 3 | . . 1 1 . 1 . . . . . . . . . . . . Registered Components 4 | . 1 1 1 . 1 . . . . . . . . . . . . Registered Prototypes 1 | . . 1 . . . . . . . . . . . . . . . Zone Layout 7 | . 1 . 3 . 2 . . . . . . . . . . 1 . Fabricator Hacks 2 | . . . . . . 1 . . . . 1 . . . . . . Network Status 1 | . . . . . . 1 . . . . . . . . . . . Build 1 | . . . . . . . . . . . 1 . . . . . . Repair Station Hacks 5 | . . . . . 2 . . . . . 1 . . . . 2 . Scan Component 2 | . . . . . 1 . . . . . . . . . . 1 . Repair 2 | . . . . . 1 . . . . . . . . . . 1 . Refit 1 | . . . . . . . . . . . 1 . . . . . . Recycling Unit Hacks 5 | . . . . . . 2 . . . . . 2 . . . 1 . Report Inventory 4 | . . . . . . 2 . . . . . 1 . . . 1 . Retrieve Components 1 | . . . . . . . . . . . . 1 . . . . . Scanalyzer 2 | . . 1 . . . 1 . . . . . . . . . . . Retrieve Study 2 | . . 1 . . . 1 . . . . . . . . . . . Garrison Access Hacks . | . . . . . . . . . . . . . . . . . . Unauthorized Hacks 23 | . . 1 6 . 4 3 . . . . 1 2 . . . 4 2 Terminals 15 | . . 1 6 . 3 . . . . . . 2 . . . 3 . Track 3 | . . 1 1 . 1 . . . . . . . . . . . . Assimilate 1 | . . . 1 . . . . . . . . . . . . . . Botnet 7 | . . . 1 . 2 . . . . . . 2 . . . 2 . Operators 1 | . . . 1 . . . . . . . . . . . . . . Skim 3 | . . . 2 . . . . . . . . . . . . 1 . Fabricators 2 | . . . . . . . . . . . 1 . . . . . 1 Liberate 1 | . . . . . . . . . . . 1 . . . . . . Overload 1 | . . . . . . . . . . . . . . . . . 1 Repair Stations 2 | . . . . . 1 . . . . . . . . . . . 1 Patch 2 | . . . . . 1 . . . . . . . . . . . 1 Recycling Units 4 | . . . . . . 3 . . . . . . . . . 1 . Monitor 1 | . . . . . . 1 . . . . . . . . . . . Reject 1 | . . . . . . 1 . . . . . . . . . . . Recyclers 2 | . . . . . . 1 . . . . . . . . . 1 . Scanalyzers . | . . . . . . . . . . . . . . . . . . Garrison Access . | . . . . . . . . . . . . . . . . . . Data Cores Recovered 1 | . . . . . 1 . . . . . . . . . . . . Used 1 | . . . . . 1 . . . . . . . . . . . . Hacking Detections 50 | . 4 5 6 2 5 3 1 . . . 4 10 . . 4 4 2 Full Trace Events 9 | . . 1 1 . 2 . 1 . . . 2 2 . . . . . Feedback Events . | . . . . . . . . . . . . . . . . . . Feedback Blocked . | . . . . . . . . . . . . . . . . . . Robot Schematics Acquired 4 | . . . . . . . . . 4 . . . . . . . . Robots Built . | . . . . . . . . . . . . . . . . . . Authchips . | . . . . . . . . . . . . . . . . . . Time . | . . . . . . . . . . . . . . . . . . Total Robot Build Rating . | . . . . . . . . . . . . . . . . . . Part Schematics Acquired 14 | . . . . . . . . . 13 . . 1 . . . . . Parts Built 1 | . . . . . . . . . . . 1 . . . . . . Authchips . | . . . . . . . . . . . . . . . . . . Time 93 | . . . . . . . . . . . 93 . . . . . . Total Part Build Rating 7 | . . . . . . . . . . . 7 . . . . . . Part Studies Acquired 2 | . . 1 . . . 1 . . . . . . . . . . . Parts Repaired 1 | . . . . . 1 . . . . . . . . . . . . Time 73 | . . . . . 19 . . . . . . . . . . 54 . Parts Recycled . | . . . . . . . . . . . . . . . . . . Recycled Matter . | . . . . . . . . . . . . . . . . . . Retrieved Matter . | . . . . . . . . . . . . . . . . . . Retrieved Components 1 | . . . . . . . . . . . . 1 . . . . . Parts Scanalyzed . | . . . . . . . . . . . . . . . . . . Part Schematics Acquired . | . . . . . . . . . . . . . . . . . . Parts Damaged . | . . . . . . . . . . . . . . . . . . Bothacking | -11 -10 -9 -8 -7 -7 -6 -6 -6 -6 -5 -5 -5 -5 -5 -5 -4 -3 ------------ Run | Yrd Mat Mat Mat Fac Sto Fac Low Low Dat Pro Fac Ext Cet Arc Hub Fac Res Used RIF Installer . | . . . . . . . . . . . . . . . . . . Robots Hacked . | . . . . . . . . . . . . . . . . . . Non-combat . | . . . . . . . . . . . . . . . . . . Combat . | . . . . . . . . . . . . . . . . . . Robot Hacks Applied . | . . . . . . . . . . . . . . . . . . Relay Couplers Released . | . . . . . . . . . . . . . . . . . . Fabnet Peak Effective % . | . . . . . . . . . . . . . . . . . . Robots Rewired 12 | . . . . . . . . . . . . 12 . . . . . Allies Hacked . | . . . . . . . . . . . . . . . . . . Hacks Repelled . | . . . . . . . . . . . . . . . . . . Allies | -11 -10 -9 -8 -7 -7 -6 -6 -6 -6 -5 -5 -5 -5 -5 -5 -4 -3 -------- Run | Yrd Mat Mat Mat Fac Sto Fac Low Low Dat Pro Fac Ext Cet Arc Hub Fac Res Total Allies 35 | . . . 1 . . . . . . . 6 23 5 . . . . Largest Group 20 | . . . 1 1 . . . . . . 3 16 20 18 14 . . Highest-Rated Group 1068 | . . . 26 26 . . . . . . 90 611 1068 873 761 . . Highest-Rated Ally 159 | . . . 26 26 . . . . . . 30 159 159 96 96 . . Total Orders 5 | . . . . . . . . . . . . 2 . . . . 3 STAY 1 | . . . . . . . . . . . . 1 . . . . . FOLLOW 1 | . . . . . . . . . . . . 1 . . . . . EXPLORE 3 | . . . . . . . . . . . . . . . . . 3 Ally Attacks 322 | . . . . . . . . . . . 27 76 21 33 165 . . Total Damage 8192 | . . . . . . . . . . . 535 1684 467 782 4724 . . Kills 67 | . . . . . . . . . . . 2 18 4 5 38 . . Allies Corrupted 1 | . . . . . . . . . . . . . . . . . 1 Allies Melted 2 | . . . . . . . . . . . . 1 . . 1 . . Intel | -11 -10 -9 -8 -7 -7 -6 -6 -6 -6 -5 -5 -5 -5 -5 -5 -4 -3 ------- Run | Yrd Mat Mat Mat Fac Sto Fac Low Low Dat Pro Fac Ext Cet Arc Hub Fac Res Active Infowar (turns) 4284 | 62 138 402 368 386 56 114 216 179 . 196 861 830 . . . . 476 Sensors 1867 | . . . . . . . . . . . 684 707 . . . . 476 IFF 157 | . . . . . . . . . . 151 6 . . . . . . Terrain 249 | . . . . . . . . . . . . 249 . . . . . Structural 597 | . 32 402 163 . . . . . . . . . . . . . . Seismic 1375 | 62 106 . 205 386 56 81 212 179 . 45 43 . . . . . . Machine Analysis 770 | . . . . . . . . . . . 645 125 . . . . . Jamming 38 | . . . . . . 34 4 . . . . . . . . . . Robot Analysis Total . | . . . . . . . . . . . . . . . . . . Derelict Logs Recovered 2 | . . . . . . . . 2 . . . . . . . . . Drone Launches 3 | . . . . . . . . . . . . . . . . . 3 Drone Recoveries 1 | . . . . . . . . . . . . . . . . . 1 Exploration | -11 -10 -9 -8 -7 -7 -6 -6 -6 -6 -5 -5 -5 -5 -5 -5 -4 -3 ------------- Run | Yrd Mat Mat Mat Fac Sto Fac Low Low Dat Pro Fac Ext Cet Arc Hub Fac Res Turns Passed 8317 | 120 374 402 484 498 793 333 473 239 132 267 861 1147 621 121 546 270 636 Spaces Moved 10128 | 66 267 466 691 883 716 516 613 354 315 390 1025 1295 431 62 570 469 999 Core 244 | 8 . . . . 4 . . . . . 3 1 . . . 3 225 Treads . | . . . . . . . . . . . . . . . . . . Legs 285 | 58 227 . . . . . . . . . . . . . . . . Wheels 13 | . . . . . . . . . . . . . . . 13 . . Hover 6535 | . 40 466 691 883 712 516 613 354 315 390 702 . . . . 79 774 Flight 3051 | . . . . . . . . . . . 320 1294 431 62 557 387 . Fastest Speed 26 | 50 56 52 44 44 42 42 44 42 42 42 30 30 30 30 27 26 32 Average Speed 47 | 111 110 52 44 44 46 44 67 47 42 42 41 30 30 86 65 36 47 Slowest Speed 550 | 120 180 52 48 44 550 102 102 102 42 42 400 250 110 112 275 320 106 Overloaded Moves . | . . . . . . . . . . . . . . . . . . Propulsion Burnouts . | . . . . . . . . . . . . . . . . . . Robots Hopped 20 | . . . . . . . . . . . 2 16 . . . 2 . Potential Cave-ins 18 | . . . . . . . . . . . . 18 . . . . . Cave-ins Triggered . | . . . . . . . . . . . . . . . . . . Exploration Rate (%) 46 | 5 47 36 42 22 75 13 66 59 72 53 14 80 77 75 58 13 23 Regions Visited 17 Branch Regions 9 Pre-discovered Areas 2 | . . . . . . . 1 . 1 . . . . . . . . Known Exits Taken 7 | . . . . . . 1 . 1 . . 1 1 1 . 1 1 . Unknown Exits Taken 10 | 1 1 1 1 1 1 . 1 . 1 1 . . . 1 . . . Scrap Searched 8 | . . . . . . . 3 3 . 2 . . . . . . . Spaces Dug 55 | . 5 5 15 . 21 . . . . . 9 . . . . . . Terrain Destroyed 609 | . 5 5 24 . 24 10 96 . . . 11 124 11 12 193 71 23 Melee 9 | . . . . . . . . . . . 9 . . . . . . Projectile 114 | . 5 5 . . 4 . . . . . 2 29 11 12 39 7 . AOE 482 | . . . 24 . 20 10 96 . . . . 91 . . 154 64 23 Terrain Rammed . | . . . . . . . . . . . . . . . . . . Walls Destroyed . | . . . . . . . . . . . . . . . . . . Machines Disabled . | . . . . . . . . . . . . . . . . . . Actions | -11 -10 -9 -8 -7 -7 -6 -6 -6 -6 -5 -5 -5 -5 -5 -5 -4 -3 --------- Run | Yrd Mat Mat Mat Fac Sto Fac Low Low Dat Pro Fac Ext Cet Arc Hub Fac Res Total 12777 | 91 320 557 814 948 1057 602 650 417 314 493 1416 1767 888 104 664 534 1141 Wait 1593 | . 13 27 46 18 203 45 6 50 . 90 308 214 424 29 27 20 73 Move 10076 | 65 266 465 690 882 715 515 612 353 314 389 1021 1266 430 61 569 464 999 Hop 15 | . . . . . . . . . . . 1 12 . . . 2 . Pick Up 93 | 8 9 8 17 6 7 3 5 1 . 4 7 3 1 . 3 1 10 Fast Attach 108 | 7 2 3 . 1 15 3 . . . 2 12 22 5 . 9 8 19 Attach 51 | . 1 2 4 4 8 2 5 1 . . 8 6 . . 1 1 8 Detach 37 | . . . 1 1 6 1 . 2 . . 9 8 2 . 1 2 4 Swap 95 | . 6 7 19 5 15 12 6 . . 3 3 7 5 . 4 2 1 Drop 121 | . 11 14 7 5 16 7 1 3 . 5 15 8 5 . 10 7 7 Fire 435 | 11 12 31 30 26 72 14 15 7 . . 10 106 16 14 40 16 15 Melee 40 | . . . . . . . . . . . 22 18 . . . . . Ram 5 | . . . . . . . . . . . . . . . . . 5 Kick . | . . . . . . . . . . . . . . . . . . Crush . | . . . . . . . . . . . . . . . . . . Escape Stasis 11 | . . . . . . . . . . . . . . . . 11 . Rewire 97 | . . . . . . . . . . . . 97 . . . . . Trap . | . . . . . . . . . . . . . . . . . . Miscellaneous . | . . . . . . . . . . . . . . . . . . Route ------- -11/Scrapyard -10/Materials -9/Materials (discovered 2 exits: *Mat x2) -8/Materials -7/Factory -7/Storage -6/Factory -6/Lower Caves -6/Lower Caves (discovered 2 exits: *Fac / *Dat) -6/Data Miner -5/Proximity Caves -5/Factory -5/Extension (discovered 2 exits: *Fac / *Cet) -5/Cetus -5/Archives (discovered 2 exits: *Hub x2) -5/Hub_04(d) (discovered 3 exits: *Fac x3) -4/Factory (discovered 6 exits: *Res x4 / Upp x2) -3/Research History --------- Turn | Location | Event 3 | -11/Scrapyard | Discovered new exit (range 15) 121 | -11/Scrapyard | Entered Materials 302 | -10/Materials | Build established: Mutant 412 | -10/Materials | Discovered new exit (range 8) 495 | -10/Materials | Entered another Materials area 495 | -9/Materials | Evolved 2 slots: Propulsion x1, Weapon x1 689 | -9/Materials | Discovered new exit (range 16) 752 | -9/Materials | Build established: Skirmisher 767 | -9/Materials | Discovered new exit (range 4) 897 | -9/Materials | Entered another Materials area 897 | -8/Materials | Evolved 2 slots: Propulsion x2 972 | -8/Materials | Garrison activated, responded to threat 1347 | -8/Materials | Discovered new exit (range 4) 1381 | -8/Materials | Entered Factory 1381 | -7/Factory | Accompanied by 1 ally 1381 | -7/Factory | Evolved 2 slots: Utility x1, Weapon x1 1686 | -7/Factory | Build established: Gunner 1826 | -7/Factory | Discovered new exit (range 10) 1879 | -7/Factory | Entered Storage 2499 | -7/Storage | Repaired Lgt. Deuterium Engine 2591 | -7/Storage | Found Prototype Launcher 2591 | -7/Storage | Identified Rocket Array 2598 | -7/Storage | Found Rocket Array 2665 | -7/Storage | Discovered new exit (range 15) 2672 | -7/Storage | Entered Factory 2672 | -6/Factory | Evolved 2 slots: Utility x2 2976 | -6/Factory | Discovered new exit (range 12) 2998 | -6/Factory | Identified exit to Lower Caves 3005 | -6/Factory | Entered Lower Caves 3017 | -6/Lower Caves | Spotted B-75 Beast 3161 | -6/Lower Caves | Attracted the attention of an 0b10 base 3232 | -6/Lower Caves | Destroyed 16 combat bots 3239 | -6/Lower Caves | Lost 7 parts (5n1u1w) 3260 | -6/Lower Caves | Learned location of Extension (-5) 3426 | -6/Lower Caves | Discovered new exit (range 10) 3455 | -6/Lower Caves | Attracted the attention of an 0b10 checkpoint 3478 | -6/Lower Caves | Entered another Lower Caves area 3483 | -6/Lower Caves | Discovered new exit (range 9) 3525 | -6/Lower Caves | Learned Factory security intel 3536 | -6/Lower Caves | Identified exit to Data Miner 3707 | -6/Lower Caves | Encountered a Warlord checkpoint 3717 | -6/Lower Caves | Entered Data Miner 3717 | -6/Data Miner | Discovered new exit (range 6) 3725 | -6/Data Miner | Met Data Miner 3733 | -6/Data Miner | Learned location of Section 7 (-3) 3733 | -6/Data Miner | Acquired the access code to Warlord's prototype stash 3740 | -6/Data Miner | Received God Mode back door access code from Data Miner 3789 | -6/Data Miner | Build established: Mutant 3849 | -6/Data Miner | Entered Proximity Caves 3920 | -5/Proximity Caves | Found DCF Scrap (15 items) 4113 | -5/Proximity Caves | Discovered new exit (range 4) 4116 | -5/Proximity Caves | Entered Factory 4116 | -5/Factory | Evolved 2 slots: Utility x2 4809 | -5/Factory | Fabricated Diametric Drive? 4908 | -5/Factory | Discovered new exit (range 14) 4977 | -5/Factory | Identified exit to Extension 4977 | -5/Factory | Entered Extension 4991 | -5/Extension | Rescued a captive Derelict 4993 | -5/Extension | Rescued a captive Derelict 5066 | -5/Extension | Rescued a captive Derelict 5141 | -5/Extension | Incoming investigation squad redirected 5243 | -5/Extension | Rescued a captive Derelict 5244 | -5/Extension | Rescued a captive Derelict 5319 | -5/Extension | Lost 4 allies 5352 | -5/Extension | Spotted B-75 Beast 5574 | -5/Extension | Destroyed B-75 Beast 5583 | -5/Extension | Spotted B-75 Beast 5602 | -5/Extension | Disrupted transfer network 5636 | -5/Extension | Destroyed B-75 Beast 5718 | -5/Extension | Rescued A7 5757 | -5/Extension | System corruption reached 10% 5900 | -5/Extension | Rescued a captive Derelict 5905 | -5/Extension | Rescued a captive Derelict 5925 | -5/Extension | Core integrity fell below 50% 5978 | -5/Extension | Rescued a captive Derelict 5984 | -5/Extension | Rescued a captive Derelict 5987 | -5/Extension | Rescued a captive Derelict 5996 | -5/Extension | Discovered new exit (range 10) 5998 | -5/Extension | Discovered new exit (range 6) 6037 | -5/Extension | Identified exit to Factory 6057 | -5/Extension | Disrupted transfer network 6064 | -5/Extension | Identified exit to Cetus 6124 | -5/Extension | Entered Cetus 6124 | -5/Cetus | Accompanied by 15 allies (A7) 6129 | -5/Cetus | Acquired a Cetus Manufacturing Module code from A7 6129 | -5/Cetus | Spotted Cetus Guard 6129 | -5/Cetus | Spotted Cetus Guard 6138 | -5/Cetus | Destroyed Cetus Guard 6139 | -5/Cetus | Allies destroyed Cetus Guard 6140 | -5/Cetus | Spotted Cetus Guard 6146 | -5/Cetus | Allies destroyed Cetus Guard 6149 | -5/Cetus | Allies destroyed Cetus Guard 6216 | -5/Cetus | Escorted A7 to Cetus Mainframe 6267 | -5/Cetus | Started Cetus Manufacturing Module 6292 | -5/Cetus | Manufactured an Enhanced Grunt 6317 | -5/Cetus | Manufactured an Enhanced Grunt 6342 | -5/Cetus | Manufactured an Enhanced Grunt 6367 | -5/Cetus | Manufactured an Enhanced Grunt 6392 | -5/Cetus | Manufactured an Enhanced Grunt 6496 | -5/Cetus | Build established: Commander-Sprinter 6537 | -5/Cetus | Discovered new exit (range 16) 6546 | -5/Cetus | Identified exit to Archives 6636 | -5/Cetus | Murdered A7 6639 | -5/Cetus | Extracted ID and sensor layout for unrecognized location from A7's data core 6745 | -5/Cetus | Entered Archives 6745 | -5/Archives | Accompanied by 19 allies 6783 | -5/Archives | Discovered new exit (range 16) 6801 | -5/Archives | Lost 5 allies 6812 | -5/Archives | Discovered new exit (range 15) 6866 | -5/Archives | Entered Hub_04(d) 6866 | -5/Hub_04(d) | Accompanied by 14 allies 7164 | -5/Hub_04(d) | Lost 8 allies 7382 | -5/Hub_04(d) | Discovered exit to Factory (range 4) 7383 | -5/Hub_04(d) | Discovered exit to Factory (range 10) 7388 | -5/Hub_04(d) | Discovered exit to Factory (range 5) 7395 | -5/Hub_04(d) | Network Hub disabled 7411 | -5/Hub_04(d) | Spotted Lightning 7412 | -5/Hub_04(d) | Entered Factory 7412 | -4/Factory | Evolved 2 slots: Propulsion x2 7467 | -4/Factory | Identified exit to Research 7467 | -4/Factory | Identified exit to Upper Caves 7611 | -4/Factory | Lost 3 parts (3n) 7679 | -4/Factory | Released all parts (16) 7682 | -4/Factory | Entered Research 7682 | -3/Research | Evolved 2 slots: Power x1, Utility x1 7737 | -3/Research | Incoming investigation squad redirected 7751 | -3/Research | Found Fusion Bomb Launcher 8230 | -3/Research | Lost 3 parts (1p1n1u) 8267 | -3/Research | Incoming investigation squad redirected 8303 | -3/Research | Core integrity fell below 50% 8314 | -3/Research | Core integrity fell below 20% 8315 | -3/Research | Lost 8 parts (1p4n2u1w) 8316 | -3/Research | System corruption reached 10% 8318 | -3/Research | Destroyed by P-80 Master with Gamma Rifle Last Messages --------------- 08274_ Imp. Linear Gravjet destroyed. 08277_ Dropped Quantum Rifle. 08284_ Gravmag Array destroyed. 08286_ System corrupted: Adv. Sensor Array rejected. 08286_ Acquired Adv. Sensor Array. 08289_ Slug penetrates Wall. 08295_ Slammed into P-80 Master. 08296_ Triggered Segregator Trap. 08296_ Arcs of energy rise from the floor. 08296_ Exp. Coolant Injector blown off. 08296_ Adv. Sensor Array blown off. 08296_ Adv. Signal Interpreter blown off. 08296_ Adv. Launcher Guidance Computer blown off. 08296_ U-05 Engineer lays Concrete. 08299_ R-10 Processor collects Exp. Coolant Injector. 08308_ System corrupted: Component data lost. 08309_ Slammed into S-43 Plague. 08314_ S-43 Plague destroyed. 08316_ The unstable cave ceiling collapses. 08316_ Fusion Bomb Launcher destroyed. Map ----- +----------------------------------------------------+ | ?????????????????????????????????????????????????? | | ?????????????????????????????????????????????????? | | ?????????????????????????????????????????????????? | | ?????????????????????????????????????????????????? | | ?????????????????????????????????????????????????? | | ?????????????????????????????????????????????????? | | ?????????????????????????????????????????????????? | | ?????????????????????????????????????????????????? | | ?????????????????????????????????????????????????? | | ?????????????????????????????????????????????????? | | ?????????????????????????????????????????????????? | | ?????????????????????????????????????????????????? | | ?????????????????????????????????????????????????? | | ?????????????????????????????????????????????????? | | ??????????????#####?####?????????????????????????? | | ??????????????# """ #?????????????????????????? | | ??????????????# """ [#?????????????????????????? | | ??????????????# """ #?????????????????????????? | | ??????????????# #?????????????????????????? | | ??????????????# #?????????????????????????? | | ??????????????# #?????????????????????????? | | ?############## #?????????????????????????? | | ?# # [ #?????????????????????????? | | ?# # ###???????????????????????? | | ?#"" """ # ########### ????????????? | | ?#"" """ # @ u #????????? | | ?#"" """ s%= * #????????? | | ?#T [ %=% #????????? | | ?#"" %[ % ppp ?????????? | | ?#"" """ ## # ?????????? | | ?#"" """ ## ??????????? | | ?# """ #### ## =! !! ?????????? | | ?# #??###?# p = ! ?????????? | | ?# = #??????# ?????????? | | ?##################### ?????????? | | ????????# # p ?????????? | | ######??# #h ####+##### ??? ???? | | #??# """ # #???????????????? #?? | | #??#]]! """ # R#???????????????? #?? | | #??#]]! """ #h #???????????????? +?? | | #??#]!! + #???????????????? #?? | | #??# # #???????????????? #?? | | #??# """ # ????????????? #?? | | "T" #??# """ # ########???????????? #?? | | #??# """ # #??????????????????? #?? | | #??# # #??????????????????# #?? | | +#####??# # #??????????????????# +?? | | #???########+##+## #######????????????+ #?? | | #??????????# +????????????# +?? | | #??????????# ##??????????????# #?? | +----------------------------------------------------+ Best States ------------- Heat Dissipation 67 Coolant Potential 120 Energy Generation 35 Energy Capacity 340 Matter Stores 300 Matter Capacity 300 Sight Range 16 Robot Scan Range 16 Terrain Scan Range 14 Terrain Scan Density 210 Jamming Range 12 Additional Mass Support 9 Armor Coverage 450 Resistance: TH 10 Resistance: EM 25 Weapon Cycling 20 Phase Shifting 10 Evasion (%) 72 Launcher Accuracy 80 Target Analysis 6 Core Analysis 6 Salvage Targeting 2 Offensive Hacking 14 Defensive Hacking 14 Item Schematics ----------------- Combat Drone Bay | -6/Data Miner | Free Lgt. Regenerative Plating | -6/Data Miner | Free Enh. Armored Leg | -6/Data Miner | Free Imp. Matter Compressor | -6/Data Miner | Free Imp. KE Penetrator | -6/Data Miner | Free Field Propulsion Array | -6/Data Miner | Free Phase Gun | -6/Data Miner | Free Nanoactuators | -6/Data Miner | Free Variable Charge Gun | -6/Data Miner | Free Adv. Transmission Jammer | -6/Data Miner | Free Imp. Antigrav System | -6/Data Miner | Free Gamma Bomb Array | -6/Data Miner | Free Adv. Force Field | -6/Data Miner | Free Adv. Reaction Control System | -5/Extension | Hacked Robot Schematics ------------------ Y-64 Sentinel | -6/Data Miner | Free L-41 Fighter | -6/Data Miner | Free H-66 Slayer | -6/Data Miner | Free R-10 Processor | -6/Data Miner | Free Fabricated ------------ Diametric Drive | x1 | -5/Factory | Preloaded Repaired ---------- Lgt. Deuterium Engine | 14% | -7/Storage Studied --------- Imp. Hover Unit | -9/Materials | Hacked Gravmag System | -6/Factory | Hacked Alien Tech Used ----------------- None Achievements -------------- My Bad Challenges ------------ None Game ------ Seed IonPiercelightStatue Manual? 0 Play Time 01:53:11 Cumulative 281.6 hours Start 2025.12.01 @ 13:07:40 End 2025.12.01 @ 15:34:03 Sessions 9 Manual Loads 0 Difficulty Rogue Special Mode None Game No. 319 Rogue 319 Adventurer 0 Explorer 0 Win Type - Total 4 Types 4/0/0/0/0/0/0/0/0/0 Lore% 77 Gallery% 72 Achievement% 55 Wizard Run 0 Options --------- Layout 0 ASCII 0 Keyboard 0 Movement Vi Keybinds 0 Fullscreen 1 Font 18/SmallcapsGlow Map View 76x50 Zoom Use 0% Tactical HUD 1 Map Filters NONE Filters NONE Steam 1 RUN: 153d0b27-6c35-489f-8094-a8c3368cea7a